 Dungeon Crawl Stone Soup version 0.20.0-8-g6b59dc7 (webtiles) character file.

98 Ijustatesigmund the Cudgeler (level 4, -3/40 HPs)
             Began as a Minotaur Fighter on June 1, 2017.
             Slain by Ijustatesigmund's ghost (13 damage)
             ... on level 3 of the Dungeon.
             The game lasted 00:03:24 (1237 turns).

Ijustatesigmund the Cudgeler (Minotaur Fighter)     Turns: 1237, Time: 00:03:25

Health: -3/40      AC:  6    Str: 25    XL:     4   Next: 43%
Magic:  3/3        EV:  8    Int:  5    God:
Gold:   178        SH: 14    Dex: 11    Spells: 1/3 levels left

rFire    . . .     SeeInvis .   a - +0 flail
rCold    . . .     Gourm    .   c - +2 shield
rNeg     . . .     Faith    .   b - +0 scale mail
rPois    .         Spirit   .   (helmet restricted)
rElec    .         Reflect  +   (no cloak)
rCorr    +         Harm     .   (no gloves)
MR       .....                  (no boots)
Stlth    ..........             e - +3 amulet of reflection
Regen    0.2/turn               m - ring of resist corrosion
MPRegen  0.1/turn               (no ring)

@: mighty, drained
A: retaliatory headbutt, horns 2
a: no special abilities


You were on level 3 of the Dungeon.
You were not hungry.

You visited 1 branch of the dungeon, and saw 3 of its levels.

You collected 178 gold pieces.

Inventory:

Hand Weapons
 a - a +0 flail (weapon)
Missiles
 o - 3 javelins (quivered)
Armour
 b - a +0 scale mail (worn)
 c - a +2 shield (worn)
Jewellery
 e - a +3 amulet of reflection (around neck)
 m - a ring of resist corrosion (left hand)
Scrolls
 h - 3 scrolls of identify
 i - a scroll of teleportation
Potions
 d - a potion of might
 j - 2 potions of brilliance
 n - a potion of curing
Books
 p - a book of Minor Magic

   Spells                             Type                      Level
   a - Magic Dart                     Conjuration                  1
   b - Blink                          Translocation                2
   c - Call Imp                       Summoning                    2
   d - Slow                           Hexes                        2
   e - Conjure Flame                  Conjuration/Fire             3
   f - Mephitic Cloud                 Conjuration/Poison/Air       3
Comestibles
 f - 2 bread rations
 g - 2 meat rations
 k - 4 fruits
 l - 2 chunks of flesh


   Skills:
 + Level 4.3(3.8) Fighting
 * Level 4.4(3.9) Maces & Flails
 - Level 3.6(3.1) Armour
 - Level 2.1(1.6) Dodging
 - Level 3.6(3.1) Shields


You had one spell level left.
You knew the following spells:

 Your Spells              Type           Power        Failure   Level  Hunger
a - Blink                 Tloc           N/A          100%        2    ###....


Dungeon Overview and Level Annotations

Branches:
Dungeon (3/15)

Altars:
Cheibriados

Annotations:
D:3 Ijustatesigmund's ghost, amateur MiFi


Innate Abilities, Weirdness & Mutations

You reflexively headbutt those who attack you in melee.
You have a pair of horns on your head.


Message History

You throw a javelin.
The javelin hits Ijustatesigmund's ghost but does no damage.
There is a stone staircase leading up here.
You closely miss Ijustatesigmund's ghost.
Your headbutt misses Ijustatesigmund's ghost.
Ijustatesigmund's ghost hits you!
You sock Ijustatesigmund's ghost!
Your headbutt misses Ijustatesigmund's ghost.
Ijustatesigmund's ghost is heavily damaged.
Ijustatesigmund's ghost hits you!
Your shield and scale mail prevent you from hitting Ijustatesigmund's ghost.
Ijustatesigmund's ghost is heavily damaged.
Ijustatesigmund's ghost hits you!
* * * LOW HITPOINT WARNING * * *
You block Ijustatesigmund's ghost's attack.
You hit Ijustatesigmund's ghost but do no damage.
Ijustatesigmund's ghost is heavily damaged.
You block Ijustatesigmund's ghost's attack.
Ijustatesigmund's ghost hits you!
You die...

## #.. #.# ######
#.# ###......
#.#######...(....
#.#......W#.#
#######.#.####.@..#
...........# #..#.#
######.##.##...#...
#.##.##.### #.# #
## #.##.##. .#
#.##.###....### #
#.#...####..#
.......###..#
#.......##..##


You could see Ijustatesigmund's ghost.

Vanquished Creatures
  2 adders
  An ooze (D:3)
  2 worms
  A dart slug (D:1)
  A leopard gecko (D:1)
  2 ball pythons
  2 giant cockroaches (D:2)
  10 goblins
  7 hobgoblins
  6 jackals
  A quokka (D:2)
  7 bats
  3 frilled lizards
  11 kobolds
  6 rats
62 creatures vanquished.

Vanquished Creatures (others)
  2 rats (D:1)
2 creatures vanquished.

Grand Total: 64 creatures vanquished

Notes
Turn   | Place    | Note
-------+----------+-------------------------------------------
     0 | D:1      | Ijustatesigmund the Minotaur Fighter began the quest for the Orb.
     0 | D:1      | Reached XP level 1. HP: 19/19 MP: 0/0
   109 | D:1      | Reached XP level 2. HP: 21/27 MP: 1/1
   132 | D:1      | Reached skill level 1 in Dodging
   294 | D:1      | Reached XP level 3. HP: 33/33 MP: 2/2
   516 | D:2      | Found a snail-covered altar of Cheibriados.
   933 | D:2      | Reached XP level 4. HP: 36/40 MP: 3/3
  1213 | D:3      | Learned a level 2 spell: Blink
  1229 | D:3      | Noticed Ijustatesigmund's ghost (amateur MiFi)
  1237 | D:3      | Slain by Ijustatesigmund's ghost

Skill      XL: |  1  2  3 |
---------------+----------+-----
Maces & Flails | 3 4 |  4.4
Dodging        | 1 2 |  2.1
Fighting       | 4 |  4.3
Armour         | |  3.6
Shields        | |  3.6

Action                   |  1- 3 |  4- 6 || total
-------------------------+-------+-------++-------
Melee: Flail             |   108 |    41 ||   149
       Headbutt          |    18 |     7 ||    25
Throw: Javelin           |       |     1 ||     1
  Use: Scroll            |     7 |     1 ||     8
       Potion            |       |     1 ||     1
  Eat: Chunk             |       |     1 ||     1
Armor: Scale mail        |    56 |    16 ||    72
Dodge: Dodged            |    39 |     7 ||    46
Block: Shield            |    72 |    36 ||   108
